AoeStats
← [NICE_ASS] BigMasi

MegaRandom

506604906Analyzed
1v1 RM · 18d ago on Sep 14, 2026· 29m 36s· 2 players
Game mode
Random Map
Map size
Tiny (2 player)
Population
200
Speed
Normal
Resources
Standard
Victory
Conquest
Starting age
Dark Age
Ending age
Imperial Age
RankedLock teamsTeams togetherTeam positionsShared explorationLock speedFull tech treeHidden civsTurbo modeCheats
Victory
Defeat
🇨🇭 Tupi · Switzerland
1209
+18
🇺🇸 Berbers · United States
1244
-18
[ITBB] JIKredible1
7:26 Loom
9:11 Feudal Age
12:25 Double-Bit Axe
12:58 Fletching
18:45 Castle Age
19:36 Scale Barding Armor
[NICE_ASS] BigMasi
1:56 Loom
8:54 Feudal Age
10:42 Horse Collar
10:49 Double-Bit Axe
10:44 Horse Collar
11:09 Champi Runner
13:10 Arson
14:27 Forging
14:45 Scale Mail Armor
17:04 Forging
21:51 Castle Age
19:50 Gold Mining
22:41 Wheelbarrow
21:52 Champi Warrior
23:52 Bow Saw
25:48 Chain Mail Armor
26:08 Iron Casting
25:40 Squires
Connection lost

Rejoining the realm…

Still unreachable

The connection could not be restored.

Session expired

The server has moved on; the page needs a fresh start.